 Dungeon Crawl Stone Soup version 0.30.1-11-g7821555f0a (webtiles) character file.

Game seed: 17454480264605183171

1283 KittyFluff the Cudgeller (level 8, -6/49 HPs)
             Began as a Gargoyle Berserker on Nov 11, 2023.
             Was an Elder of Trog.
             Mangled by Prince Ribbit (14 damage)
             ... on level 5 of the Dungeon.
             The game lasted 00:19:37 (4748 turns).

KittyFluff the Cudgeller (Gargoyle Berserker)       Turns: 4748, Time: 00:19:38

Health: -6/49      AC: 17    Str: 23    XL:     8   Next: 55%
Magic:  8/8        EV: 26    Int:  8    God:    Trog [****..]
Gold:   224        SH:  0    Dex:  9    Spells: 7/7 levels left

rFire   . . .        a - +0 mace
rCold   . . .        (no shield)
rNeg    + . .        r - quicksilver dragon scales
rPois   ∞            (no helmet)
rElec   +            (no cloak)
rCorr   +            (no gloves)
SInv    .            (no boots)
Will    +....        u - amulet of the acrobat
Stlth   ++           i - ring of resist corrosion
HPRegen 0.28/turn    (no ring)
MPRegen 0.11/turn

%: acrobat
@: weakened, acrobatic
A: sickness immunity, AC +5, negative energy resistance 1, electricity
resistance, torment resistance 1, petrification resistance
a: Renounce Religion, Berserk, Trog's Hand, Brothers in Arms


You were on level 5 of the Dungeon.
You worshipped Trog.
Trog was greatly pleased with you.
You visited 1 branch of the dungeon, and saw 5 of its levels.

You collected 224 gold pieces.

Inventory:

Hand Weapons
 a - a +0 mace (weapon)
 b - a +0 morningstar
 w - a +0 sling
Missiles
 k - 16 poisoned darts (quivered)
Armour
 r - quicksilver dragon scales (worn)
 v - a +0 chain mail
 y - a +0 scale mail
Jewellery
 i - a ring of resist corrosion (left hand)
 u - an amulet of the acrobat (around neck)
Wands
 f - a wand of roots (7)
Scrolls
 e - a scroll of magic mapping
 h - 3 scrolls of poison
 j - a scroll of immolation
 n - a scroll of teleportation {unknown}
 p - a scroll of butterflies
 s - a scroll of silence
 t - 2 scrolls of fog
Potions
 c - 3 potions of heal wounds
 g - 3 potions of brilliance {unknown}
 l - a potion of mutation {unknown}
 m - a potion of lignification {unknown}
 o - 4 potions of curing {unknown}
 q - a potion of berserk rage {unknown}
 x - 2 potions of flight {unknown}


   Skills:
 + Level 5.2 Fighting
 * Level 6.2 Maces & Flails
 * Level 6.1 Armour
 + Level 3.3 Dodging
 + Level 4.4 Stealth


You had 7 spell levels left.
You didn't know any spells.
Your spell library was empty.

Dungeon Overview and Level Annotations

Branches:
Dungeon (5/15)
 Temple: D:4-7

Altars:
Dithmenos
Kikubaaqudgha
Nemelex Xobeh

Shops:
D:5 :

Annotations:
D:5 Prince Ribbit


Innate Abilities, Weirdness & Mutations

You are immune to sickness and miasma.
Your stone body is resilient. (AC +5)
You are immune to poison.
You resist negative energy. (rN+)
You are resistant to electric shocks. (rElec)
You are resistant to unholy torment.
You are immune to petrification.


Message History

You feel as though you will be weak longer.
The gnoll bouda hits you but does no damage.
The gnoll hits you but does no damage.
You hit the gnoll bouda.
You kill the gnoll bouda!
Trog accepts your kill.
The gnoll hits you from afar with a +0 halberd!
The gnoll completely misses you.
Things that are here:
a +0 short sword; a +0 leather armour You hit the gnoll.
The gnoll is moderately wounded.
The gnoll hits you but does no damage.
You hit the gnoll.
The gnoll is severely wounded.
The gnoll barely misses you. The gnoll hits you but does no damage.
You barely miss the gnoll.
The gnoll is severely wounded.
Prince Ribbit blinks!
The gnoll hits you with a +0 halberd.
* * * LOW HITPOINT WARNING * * *
You closely miss the gnoll.
The gnoll is severely wounded.
The gnoll hits you but does no damage.
You barely miss the gnoll.
The gnoll is severely wounded.
The gnoll hits you with a +0 halberd.
* * * LOW HITPOINT WARNING * * *
You sock the gnoll!
You kill the gnoll!
Trog accepts your kill.
You can now call in reinforcements.
Prince Ribbit hits you but does no damage.
You hit Prince Ribbit.
Prince Ribbit is lightly wounded.
Prince Ribbit blinks!
There is an open door here.
Things that are here:
a +0 halberd; a +0 club; a gnoll corpse Prince Ribbit winks and puckers his lips.
Prince Ribbit hits you!
You die...

#.. #.#..#.......#.#
##...............
#.........##..#.#
#.....F.......#.# # #
#.....##..###.#..
..#.####........## ###
.).......######..
...(.....))...#### #####
#......@.####.# #....
.......F.# #.# ##.###
#........####.# #.....
#.............#####..##.
......(..............##.
#.######.....#######.##.
. ...'.....'......####
####.....########
#.......


You could see Prince Ribbit.

Vanquished Creatures
  Grinder (D:5)
  Sigmund (D:2)
  2 black bears
  A kobold brigand (D:5)
  A bullfrog (D:3)
  A scorpion (D:5)
  A howler monkey (D:4)
  2 gnoll boudas (D:5)
  An orc priest (D:3)
  A hound (D:5)
  An iguana (D:4)
  Ijyb (D:5)
  14 gnolls
  9 adders
  A shadow imp (D:5)
  2 white imps (D:5)
  A worm (D:2)
  3 dart slugs
  9 orcs
  8 endoplasms
  4 giant cockroaches
  9 goblins
  11 hobgoblins
  4 jackals (D:1)
  10 kobolds
  3 quokkas
  5 ball pythons
  8 bats
  A frilled lizard (D:1)
  6 rats
122 creatures vanquished.

Notes
Turn   | Place    | Note
-------+----------+-------------------------------------------
     0 | D:1      | KittyFluff the Gargoyle Berserker began the quest for the
                  | Orb.
     0 | D:1      | Reached XP level 1. HP: 14/14 MP: 1/1
   208 | D:1      | Reached XP level 2. HP: 5/19 MP: 2/2
   552 | D:1      | Reached XP level 3. HP: 19/23 MP: 3/3
   607 | D:1      | Reached skill level 1 in Stealth
   815 | D:2      | Reached ** piety under Trog
   881 | D:2      | Noticed Sigmund
   901 | D:2      | Killed Sigmund
   902 | D:2      | Reached XP level 4. HP: 3/29 MP: 4/4
   902 | D:2      | Reached XP level 5. HP: 4/33 MP: 5/5
  1022 | D:2      | Found a sparkling altar of Nemelex Xobeh.
  1211 | D:2      | Reached XP level 6. HP: 36/38 MP: 6/6
  2387 | D:3      | Found an ancient bone altar of Kikubaaqudgha.
  2721 | D:4      | Reached *** piety under Trog
  2953 | D:4      | Noticed a black bear
  2969 | D:4      | Killed a black bear
  2970 | D:4      | Reached skill level 5 in Maces & Flails
  2970 | D:4      | Reached XP level 7. HP: 38/44 MP: 7/7
  3296 | D:4      | Found a shadowy altar of Dithmenos.
  3422 | D:4      | Reached skill level 5 in Armour
  3617 | D:5      | Entered Level 5 of the Dungeon
  3913 | D:5      | Found Xemush's Book Boutique.
  3981 | D:5      | HP: 2/66 [gnoll/+0 halberd (8)]
  3985 | D:5      | Reached XP level 8. HP: 3/48 MP: 8/8
  4376 | D:5      | Noticed Grinder
  4405 | D:5      | Paralysed by Grinder for 3 turns
  4412 | D:5      | Killed Grinder
  4413 | D:5      | Reached skill level 5 in Fighting
  4417 | D:5      | Noticed Ijyb
  4462 | D:5      | Killed Ijyb
  4706 | D:5      | Noticed Prince Ribbit
  4744 | D:5      | Reached **** piety under Trog
  4748 | D:5      | Mangled by Prince Ribbit

Illustrated notes

Levels and vault maps discovered:
D:1:      scummos_arrival_checkerplants, layout_loops_cross, st_stairs_10
D:2:      layout_basic, basic_altar, uniq_sigmund
D:3:      minmay_octagon_keep, layout_basic, nicolae_overflow_crystal_walls,
          kennysheep_generic_room_13
D:4:      layout_basic, nicolae_dithmenos_through_a_glass_darkly
D:5:      layout_basic, mainiacjoe_overflow_alcove_2, minmay_temple_entry_hall,
          serial_shops, shop, nicolae_hexahallways, uniq_ijyb, uniq_grinder,
          uniq_prince_ribbit1

Skill      XL: |  1  2  3  4  5  6  7  8 |
---------------+-------------------------+-----
Stealth        | 2 3 4 |  4.4
Maces & Flails | 4 5 6 |  6.2
Armour         | 3 4 5 6 |  6.1
Dodging        | 2 3 |  3.3
Fighting       | 4 5 |  5.2

Action                     |  1- 3 |  4- 6 |  7- 9 || total
---------------------------+-------+-------+-------++-------
  Melee: Mace              |    90 |   194 |   258 ||   542
         Punch             |     1 |     1 |     5 ||     7
  Throw: Dart              |     4 |     1 |    10 ||    15
 Invoke: Berserk           |     2 |       |     2 ||     4
  Evoke: Wand              |       |       |     1 ||     1
    Use: Scroll            |     3 |     4 |     2 ||     9
   Stab: Sleeping          |     1 |     5 |     1 ||     7
 Armour: Animal skin       |    29 |    57 |       ||    86
         Quicksilver drago |       |    51 |   142 ||   193
  Dodge: Dodged            |    59 |   138 |   168 ||   365
